 Dungeon Crawl Stone Soup version 0.30-a0-591-g3c58d2bc28 (webtiles) character file.

Game seed: 15252172508100657680

340 NinjaNoafa the Vexing (level 6, 0/27 HPs)
             Began as a Felid Summoner on Jan 5, 2023.
             Slain by a howler monkey (7 damage)
             ... on level 5 of the Dungeon.
             The game lasted 00:08:41 (5007 turns).

NinjaNoafa the Vexing (Felid Summoner)              Turns: 5007, Time: 00:08:42

Health: 0/27       AC:  2    Str:  4    XL:     6   Next: 30%
Magic:  1/12       EV: 20    Int: 19    God:
Gold:   275        SH:  0    Dex: 22    Spells: 3/12 levels left
                                        Lives:  0   Deaths: 1

rFire   . . .      SeeInvis +    (weapon unavailable)
rCold   . . .      Faith    .    (shield unavailable)
rNeg    . . .      Spirit   .    (body armour unavailable)
rPois   .          Reflect  .    (helmet unavailable)
rElec   .          Harm     .    (cloak unavailable)
rCorr   .          Rampage  .    (gloves unavailable)
Will    .....                    (boots unavailable)
Stlth   +++                      (no amulet)
HPRegen 0.24/turn                c - +6 ring of dexterity
MPRegen 0.13/turn                m - ring of wizardry

@: brilliant, quick
A: very small, claws 1, fangs 3, see invisible, speed 1, shaggy fur 2, stealthy
paws, no weapons or thrown items, no armour, multi-lived
a: no special abilities


You were on level 5 of the Dungeon.
You visited 1 branch of the dungeon, and saw 5 of its levels.

You collected 275 gold pieces.

Inventory:

Jewellery
 c - a +6 ring of dexterity (left paw)
 m - a ring of wizardry (right paw)
Scrolls
 b - 4 scrolls of teleportation
 e - a scroll of blinking {unknown}
 g - a scroll of immolation {unknown}
 h - a scroll of enchant weapon {unknown}
 i - 3 scrolls of magic mapping {unknown}
 j - a scroll of torment {unknown}
 k - a scroll of fog {unknown}
 n - 4 scrolls of identify {unknown}
 o - a scroll of amnesia {unknown}
Potions
 a - a potion of magic
 d - a potion of brilliance
 f - 4 potions of degeneration {unknown}
 l - 4 potions of curing {unknown}
 p - a potion of mutation {unknown}
 q - a potion of heal wounds {unknown}


   Skills:
 + Level 2.4 Fighting
 + Level 4.8 Dodging
 - Level 3.1 Stealth
 - Level 3.7 Spellcasting
 - Level 5.0 Hexes
 - Level 4.6 Summonings


You had 3 spell levels left.
You knew the following spells:

 Your Spells              Type           Power      Damage    Failure   Level
a - Summon Small Mammal   Summ           100%       N/A       1%          1
b - Call Imp              Summ           31%        N/A       1%          2
c - Call Canine Familiar  Summ           31%        N/A       2%          3
d - Summon Guardian Gole  Hex/Summ       32%        N/A       2%          3

Your spell library contained the following spells:

 Spells                   Type           Power      Damage    Failure   Level
 Cigotuvi's Dreadful Rot  Necr/Pois/Air  10%        N/A       9%          2
 Poisonous Vapours        Pois/Air       10%        N/A       9%          2
 Mephitic Cloud           Conj/Pois/Air  5%         N/A       16%         3
 Ozocubu's Armour         Ice            5%         N/A       16%         3
 Vhi's Electric Charge    Tloc/Air       10%        N/A       16%         3
 Summon Lightning Spire   Summ/Air       18%        N/A       21%         4
 Metabolic Englaciation   Hex/Ice        9%         N/A       45%         5
 Arcjolt                  Conj/Air       2%         1d12      80%         5
 Simulacrum               Ice/Necr       2%         N/A       100%        6
 Maxwell's Capacitive Co  Air            2%         ∞         100%        8


Dungeon Overview and Level Annotations

Branches:
Dungeon (5/15)
 Temple: D:4-7

Altars:

Shops:
D:2 [


Innate Abilities, Weirdness & Mutations

You have sharp claws.
You have razor-sharp teeth.
You have supernaturally acute eyesight. (SInv)
You cover ground quickly. (Speed+)
You are covered in thick fur. (AC +2)
Your paws help you pounce on unaware monsters.
You are incapable of wielding weapons or throwing items.
You cannot wear armour.
You gain extra lives every three experience levels.


Message History

Your crimson imp hits the gnoll.
The howler monkey hits your crimson imp.
The gnoll hits your crimson imp with a +0 club.
The grasping roots constrict your crimson imp.
Your crimson imp dies!
Your crimson imp disappears in a puff of smoke!
The gnoll zaps a wand.
The roots erupt in riotous growth!
The howler monkey is unaffected.
The grasping roots grab you!
The gnoll is unaffected.
The grasping roots constrict you.
An iguana comes into view.
The howler monkey hits you but does no damage.
There is a stone staircase leading up here.
You escape the roots grasp.
The howler monkey hoots and howls with incredible vigour!
You hear a shout! x2
The gnoll zaps a wand.
The roots erupt in riotous growth!
The grasping roots grab you! The grasping roots constrict you.
You scratch the howler monkey.
The howler monkey is moderately wounded.
The grasping roots constrict you. The howler monkey closely misses you.
You scratch the gnoll but do no damage.
The gnoll is severely wounded.
The gnoll closely misses you. The grasping roots constrict you.
The howler monkey closely misses you.
You escape the roots grasp.
The gnoll zaps a wand.
The roots erupt in riotous growth!
The grasping roots grab you!
The gnoll is unaffected.
The howler monkey is unaffected.
The grasping roots constrict you.
The howler monkey completely misses you.
You hear a shout!
You escape the roots grasp.
The gnoll hits you with a +0 club.
* * * LOW HITPOINT WARNING * * *
Okay, then.
It was a potion of brilliance.
You feel clever all of a sudden. The howler monkey hits you!
You die...

.### #...........##..
.....##...............
....#.................
#........#...........
#..##..l#...........
#......#...##......
#..#.)...<.##......#
##. #.>.hg).....#..#
#...#....@.......#..#
#........)....≈≈.≈≈..
#.............#≈#+#≈##
.........##.....+
.##...#########≈#
#.### ≈≈. ... ##... .#
#.# ##


You could see a howler monkey, an iguana and a gnoll.

Vanquished Creatures
  3 bats
  A jackal (D:1)
  2 quokkas (D:1)
  A frilled lizard (D:1)
7 creatures vanquished.

Vanquished Creatures (collateral kills)
  An ogre (D:5)
  A phantom (D:4)
  2 orc priests
  An iguana (D:5)
  2 gnolls (D:5)
  3 adders
  An ufetubus (D:4)
  2 dart slugs
  15 orcs
  9 endoplasms
  2 giant cockroaches
  4 goblins
  4 hobgoblins
  4 jackals (D:3)
  6 kobolds
  3 quokkas
  7 ball pythons
  5 bats
  11 frilled lizards
  5 rats
88 creatures vanquished.

Vanquished Creatures (others)
  A scorpion (D:5)
  5 plants (D:2)
6 creatures vanquished.

Grand Total: 101 creatures vanquished

Notes
Turn   | Place    | Note
-------+----------+-------------------------------------------
     0 | D:1      | NinjaNoafa the Felid Summoner began the quest for the Orb.
     0 | D:1      | Reached XP level 1. HP: 7/7 MP: 4/4
   304 | D:1      | Reached XP level 2. HP: 5/11 MP: 4/6
   747 | D:1      | Learned a level 2 spell: Call Imp
  1118 | D:1      | Reached XP level 3. HP: 14/14 MP: 2/7
  1383 | D:2      | Found Otsopop's Armour Shop.
  1544 | D:2      | Learned a level 3 spell: Call Canine Familiar
  2859 | D:3      | Reached XP level 4. HP: 12/18 MP: 1/10
  2869 | D:3      | Learned a level 3 spell: Summon Guardian Golem
  3801 | D:4      | Reached skill level 1 in Hexes
  3904 | D:4      | Reached skill level 2 in Hexes
  3904 | D:4      | Reached XP level 5. HP: 21/21 MP: 4/11
  4296 | D:4      | Noticed a phantom
  4321 | D:4      | Reached skill level 3 in Hexes
  4346 | D:4      | Killed a phantom
  4347 | D:4      | Reached skill level 4 in Hexes
  4607 | D:4      | Reached skill level 5 in Hexes
  4611 | D:4      | Killed from afar by an orc priest
  4612 | D:4      | Reached XP level 4. HP: -8/18 MP: 5/10
  4626 | D:4      | Reached XP level 5. HP: 21/21 MP: 11/11
  4655 | D:5      | Entered Level 5 of the Dungeon
  4677 | D:5      | Reached skill level 1 in Fighting
  4945 | D:5      | Noticed an ogre
  4970 | D:5      | Killed an ogre
  4971 | D:5      | Gained mutation: You are covered in thick fur. (AC +2)
                  | [Felid growth]
  4971 | D:5      | Reached XP level 6. HP: 27/27 MP: 1/12
  5007 | D:5      | Slain by a howler monkey

Illustrated notes

Levels and vault maps discovered:
D:1:      scummos_arrival_star, layout_loops_corners, nrook_uturn
D:2:      layout_loops_ring, serial_shops, shop, minmay_misc_feat_plants,
          minmay_lizard_king
D:3:      layout_basic, minivault_26, minmay_strange_pillars
D:4:      layout_cave_pools
D:5:      layout_cave_pools, serial_shops, kennysheep_mini_moat, uniq_pikel,
          uniq_sigmund

Skill      XL: |  1  2  3  4  5 |
---------------+----------------+-----
Dodging        | 3 4 |  4.8
Stealth        | 3 |  3.1
Spellcasting   | 3 |  3.7
Hexes          | 2 5 |  5.0
Fighting       | 2 |  2.4
Summonings     | |  4.6

Action                   |  1- 3 |  4- 6 || total
-------------------------+-------+-------++-------
Melee: Unarmed           |    26 |     3 ||    29
       Bite              |     1 |       ||     1
 Cast: Summon Small Mamm |    79 |    32 ||   111
       Call Imp          |    14 |    15 ||    29
       Call Canine Famil |     7 |    16 ||    23
       Summon Guardian G |       |     7 ||     7
  Use: Scroll            |       |     1 ||     1
       Potion            |       |     1 ||     1
 Stab: Distracted        |     2 |       ||     2
Armor: Skin              |    10 |     4 ||    14
Dodge: Dodged            |    56 |    44 ||   100

Table legend: (Time is in decaauts)
 A = Elapsed time spent in this place.
 B = Non-inter-level travel time spent in this place.
 C = Inter-level travel time spent in this place.
 D = Time resting spent in this place.
 E = Time spent auto-exploring this place.
 F = Levels seen in this place.
 G = Mean time per level.
                   A        B        C        D        E       F      G
               +--------+--------+--------+--------+--------+-----+--------+
         Total |   4457 |   4326 |    131 |      0 |   3269 |   5 |  891.4 |
       Dungeon |   4457 |   4326 |    131 |      0 |   3269 |   5 |  891.4 |
               +--------+--------+--------+--------+--------+-----+--------+

Top non-repeatable levels by time:
     D:1: 1226 daAuts
     D:2: 1122 daAuts
     D:3: 1053 daAuts
     D:4: 868 daAuts
     D:5: 187 daAuts
